 Dungeon Crawl Stone Soup version 0.30.1-4-g462c640d31 (webtiles) character file.

Game seed: 12981904216129392053

1878 ChrisAssaf the Insei (level 9, -1/61 HPs)
             Began as a Djinni Transmuter on Sept 9, 2023.
             Was a Priest of Nemelex Xobeh.
             Slain by a killer bee (9 damage)
             ... on level 7 of the Dungeon.
             The game lasted 00:28:28 (5689 turns).

ChrisAssaf the Insei (Djinni Transmuter)            Turns: 5689, Time: 00:28:30

Health: -1/61      AC:  2    Str: 11    XL:     9   Next: 36%
Gold:   316        EV: 22    Int: 15    God:    Nemelex Xobeh [***...] SH:  0 Dex: 21

rFire   . . .        y - melded +0 dagger (venom)
rCold   + . .        (shield currently unavailable)
rNeg    + . .        a - melded +2 robe
rPois   ∞            (helmet currently unavailable)
rElec   .            (cloak currently unavailable)
rCorr   .            m - melded +2 pair of gloves
SInv    .            (boots unavailable)
Will    .....        (no amulet)
Stlth   +++          o - ring of protection from cold
HPRegen 0.30/turn    k - ring of positive energy
MPRegen 0.00/turn

%: infuse magic (-2 HP)
@: spider-form, flying, very slightly contaminated
A: venomous fangs, flying, sickness immunity, tiny, (fire resistance 2), (cold
vulnerability 1), float, innate caster, HP casting, extra vitality 1
a: End Transformation, Renounce Religion, Draw Escape, Draw Destruction, Draw
Summoning, Triple Draw


You were on level 7 of the Dungeon.
You worshipped Nemelex Xobeh.
Nemelex Xobeh was most pleased with you.
You were a venomous arachnid creature.
You visited 1 branch of the dungeon, and saw 7 of its levels.

You collected 316 gold pieces.

Inventory:

Hand Weapons
 h - a +1 sling
 y - a +0 dagger of venom (melded)
Missiles
 x - a throwing net
 C - a curare-tipped dart (quivered)
Armour
 a - a +2 robe (melded)
 m - a +2 pair of gloves (melded)
Jewellery
 k - a ring of positive energy (right front pincers)
 o - a ring of protection from cold (left front pincers)
Wands
 r - a wand of paralysis (3)
Scrolls
 e - 3 scrolls of fog
 f - 2 scrolls of enchant armour
 j - 3 scrolls of magic mapping
 p - 2 scrolls of amnesia
 v - a scroll of silence
 A - a scroll of noise
 B - a scroll of immolation
Potions
 b - 3 potions of degeneration
 c - a potion of cancellation {unknown}
 d - a potion of heal wounds
 i - 2 potions of curing
 l - 3 potions of mutation {unknown}
 n - a potion of brilliance {unknown}
 q - 2 potions of magic {unknown}
 s - 3 potions of resistance
 t - a potion of haste {unknown}
 u - a potion of flight {unknown}
 z - a potion of might {unknown}


   Skills:
 * Level 3.3 Fighting
 * Level 1.5 Short Blades
 + Level 2.6 Ranged Weapons
 * Level 1.4 Throwing
 * Level 3.1 Armour
 * Level 4.5 Dodging
 * Level 3.1 Stealth
 * Level 5.0 Unarmed Combat
 * Level 4.1 Spellcasting
 * Level 2.8 Invocations
 * Level 2.6 Evocations


You knew the following spells:

 Your Spells              Type           Power      Damage    Failure   Level
a - Beastly Appendage     Tmut           30%        N/A       11%         1
b - Wereblood             Tmut           15%        N/A       14%         2
c - Spider Form           Tmut/Pois      15%        N/A       24%         3
d - Ice Form              Ice/Tmut       15%        N/A       54%         4
e - Freeze                Ice            60%        1d7       11%         1
f - Lesser Beckoning      Tloc           30%        N/A       14%         2
g - Searing Ray           Conj           30%        2d5       14%         2
h - Volatile Blastmotes   Fire/Tloc      30%        2d12      24%         3
Your spell library was empty.

Dungeon Overview and Level Annotations

Branches:
Dungeon (7/15)             Temple (0/1) D:7

Altars:
Hepliaklqana
Nemelex Xobeh
Okawaru
Qazlal
Wu Jian
Yredelemnul
Zin


Innate Abilities, Weirdness & Mutations

You are a venomous arachnid creature.
You have venomous fangs.
You are tiny and dextrous.
You are flying.
Your spellcasting is less reliable in this form.
Your armour is entirely melded.
You are incapable of wielding weapons or throwing items.
You are immune to sickness and miasma.
You are immune to poison.
((Your flesh is very heat resistant. (rF++)))
((You are vulnerable to cold. (rC-)))
You float through the air rather than walking.
You learn spells naturally, not from books.
Your magical power is your life essence.
You have superior vitality. (+4 MHP)


Message History

Your +2 robe melds into your body.
Your +0 dagger of venom stops dripping with poison.
The killer bee buzzes angrily.
The killer bee closely misses you. The killer bee misses you.
You hit the killer bee but do no damage.
The killer bee is poisoned.
The killer bee stings you but does no damage.
The killer bee misses you. The killer bee stings you.
The killer bee barely misses you.
You hit the killer bee but do no damage.
The killer bee misses you. The killer bee closely misses you.
The killer bee completely misses you. The killer bee misses you.
The killer bee barely misses you. x2
You hit the killer bee.
The killer bee is poisoned.
The killer bee is moderately wounded.
The killer bee misses you. The killer bee stings you!
* * * LOW HITPOINT WARNING * * *
The killer bee misses you. The killer bee completely misses you.
The killer bee barely misses you. The killer bee completely misses you.
The killer bee misses you. The killer bee completely misses you.
You closely miss the killer bee.
You kill the killer bee!
The killer bee misses you.
The killer bee stings you but does no damage.
The killer bee closely misses you.
Unknown command.
You closely miss the killer bee. The killer bee closely misses you.
The killer bee stings you.
* * * LOW HITPOINT WARNING * * *
The killer bee stings you but does no damage.
The killer bee misses you. The killer bee closely misses you.
The killer bee completely misses you.
Unknown command.
You hit the killer bee.
The killer bee is poisoned.
The killer bee is moderately wounded.
The killer bee stings you.
* * * LOW HITPOINT WARNING * * *
The killer bee completely misses you. The killer bee stings you!
You die...
Your body disappears without a glow.

####.... ##......##.....
####.....#.............#
...+ .'.............+
..## #......)......# ..#
#............## ..+
#............## ..##
#.............. ...#
#.....yyy...### ...#
#####..s##### ...## #..)#
....## ######..)+ ..#...#
#....#..)######
..###..##.............#
### #..#.............#
#######.#............K#
...)))))..............#
...####..#...............


You could see 3 killer bees.

Vanquished Creatures
  Eustachio (D:4)
  A steam dragon (D:7)
  Menkaure (D:7)
  A water moccasin (D:6)
  A sky beast (D:7)
  An ice beast (D:5)
  A black bear (D:4)
  2 kobold brigands (D:7)
  2 bullfrogs
  5 scorpions
  2 killer bees (D:7)
  A howler monkey (D:5)
  A cerulean imp (D:6)
  A hound (D:5)
  An orc priest (D:7)
  A sleepcap (D:6)
  5 iguanas
  A gnoll (D:5)
  3 adders
  A white imp (D:7)
  An ufetubus (D:6)
  A worm (D:3)
  6 orcs
  9 endoplasms
  4 giant cockroaches
  11 goblins
  4 hobgoblins
  3 jackals (D:1)
  3 quokkas
  12 ball pythons
  3 bats
  2 frilled lizards
  17 kobolds
  3 rats
112 creatures vanquished.

Vanquished Creatures (collateral kills)
  A gnoll sergeant (D:5)
  4 gnolls (D:5)
5 creatures vanquished.

Grand Total: 117 creatures vanquished

Notes
Turn   | Place    | Note
-------+----------+-------------------------------------------
     0 | D:1      | ChrisAssaf the Djinni Transmuter began the quest for the
                  | Orb.
     0 | D:1      | ChrisAssaf set off with the following spells memorised:
                  | Beastly Appendage, Wereblood, Spider Form, Ice Form.
     0 | D:1      | Reached XP level 1. HP: 17/17 MP: 0/0
   206 | D:1      | Reached XP level 2. HP: 22/22 MP: 0/0
   416 | D:2      | Reached XP level 3. HP: 27/27 MP: 0/0
   416 | D:2      | Learned a level 1 spell: Freeze
   965 | D:3      | Found a faded altar of an unknown god.
   965 | D:3      | Found a hazy altar of Hepliaklqana.
   967 | D:3      | Found a faded altar of an unknown god.
   974 | D:3      | Identified the +0 war axe of Efuseum {freeze, Will+ Int-5
                  | Dex+3}
   993 | D:3      | Prayed at the altar of an unknown god.
   993 | D:3      | Became a worshipper of Nemelex Xobeh the Trickster
   993 | D:3      | Reached * piety under Nemelex Xobeh
  1376 | D:3      | Received a gift from Nemelex Xobeh
  1804 | D:2      | Reached XP level 4. HP: 32/32 MP: 0/0
  2320 | D:1      | Reached ** piety under Nemelex Xobeh
  2757 | D:4      | Noticed a black bear
  2763 | D:4      | Killed a black bear
  2764 | D:4      | Reached skill level 1 in Ranged Weapons
  2764 | D:4      | Reached skill level 1 in Armour
  2764 | D:4      | Reached skill level 1 in Stealth
  2764 | D:4      | Reached XP level 5. HP: 26/38 MP: 0/0
  2764 | D:4      | Learned a level 2 spell: Lesser Beckoning
  2845 | D:4      | Found an iron altar of Okawaru.
  2894 | D:4      | Found a stormy altar of Qazlal.
  2944 | D:4      | Found a glowing silver altar of Zin.
  3011 | D:4      | Noticed Eustachio
  3021 | D:4      | Killed Eustachio
  3022 | D:4      | Reached XP level 6. HP: 35/43 MP: 0/0
  3051 | D:4      | Found an ornate altar of the Wu Jian Council.
  3051 | D:4      | Found a sparkling altar of Nemelex Xobeh.
  3258 | D:5      | Entered Level 5 of the Dungeon
  3276 | D:5      | Reached XP level 7. HP: 44/49 MP: 0/0
  3276 | D:5      | Learned a level 2 spell: Searing Ray
  3338 | D:5      | Reached skill level 1 in Invocations
  3386 | D:5      | Received a gift from Nemelex Xobeh
  3408 | D:5      | Reached skill level 1 in Evocations
  3476 | D:5      | Reached skill level 4 in Unarmed Combat
  3753 | D:5      | Reached XP level 8. HP: 54/55 MP: 0/0
  3880 | D:5      | Reached *** piety under Nemelex Xobeh
  4079 | D:5      | Received a gift from Nemelex Xobeh
  4342 | D:6      | Found a basalt altar of Yredelemnul.
  4344 | D:6      | Noticed Pikel
  4347 | D:6      | Pikel changed into Pikel the golden eye
  4347 | D:6      | Noticed Pikel
  4380 | D:6      | Pikel the golden eye changed into Pikel the scorpion
  4380 | D:6      | Noticed Pikel
  4385 | D:6      | Killed Pikel the scorpion
  5212 | D:7      | Noticed Menkaure
  5214 | D:7      | Reached skill level 1 in Short Blades
  5219 | D:7      | Killed Menkaure
  5220 | D:7      | Reached skill level 1 in Throwing
  5220 | D:7      | Reached XP level 9. HP: 60/60 MP: 0/0
  5220 | D:7      | Learned a level 3 spell: Volatile Blastmotes
  5605 | D:7      | Found a staircase to the Ecumenical Temple.
  5612 | D:7      | Received a gift from Nemelex Xobeh
  5672 | D:7      | Reached skill level 5 in Unarmed Combat
  5689 | D:7      | Slain by a killer bee

Illustrated notes

Levels and vault maps discovered:
D:1:      dpeg_arrival_long_road, layout_loops_ring
D:2:      layout_rooms, grunt_ministairs_7
D:3:      layout_loops_corners, nicolae_hepliaklqana_ecumenical_no_more,
          kennysheep_generic_room_13
D:4:      layout_basic, mainiacjoe_overflow_catch_the_wave,
          mainiacjoe_overflow_divided_tiny, old_standard_altar, uniq_eustachio
D:5:      layout_gridville
D:6:      layout_loops_ring, mainiacjoe_overflow_alcove_4, uniq_pikel
D:7:      layout_basic, minmay_temple_entry_butterflies, dk_noncrumbling_3,
          chequers_garden, uniq_joseph, uniq_crazy_yiuf_cottage, uniq_menkaure

Skill      XL: |  1  2  3  4  5  6  7  8  9 |
---------------+----------------------------+-----
Spellcasting   | 2 3 4 |  4.1
Ranged Weapons | 1 2 |  2.6
Armour         | 1 2 3 |  3.1
Stealth        | 1 2 3 |  3.1
Fighting       | 2 3 |  3.3
Dodging        | 3 4 |  4.5
Invocations    | 1 2 |  2.8
Evocations     | 1 2 |  2.6
Unarmed Combat | 4 5 |  5.0
Short Blades   | 1 |  1.5
Throwing       | 1 |  1.4

Action                     |  1- 3 |  4- 6 |  7- 9 || total
---------------------------+-------+-------+-------++-------
  Melee: Unarmed           |    51 |    17 |    62 ||   130
         Headbutt          |     7 |       |       ||     7
         Punch             |     2 |       |     1 ||     3
         Dagger            |       |       |    31 ||    31
         Sling             |       |       |     2 ||     2
   Fire: Sling             |    31 |    27 |    30 ||    88
   Cast: Beastly Appendage |    10 |     1 |       ||    11
         Freeze            |    11 |     4 |       ||    15
         Spider Form       |     6 |     6 |    21 ||    33
         Wereblood         |     3 |     4 |     3 ||    10
         Searing Ray       |       |       |     3 ||     3
         Lesser Beckoning  |       |       |     5 ||     5
 Invoke: Draw Destruction  |       |     5 |     6 ||    11
         Draw Summoning    |       |       |     1 ||     1
         Draw Escape       |       |       |     7 ||     7
  Evoke: Wand              |       |       |     3 ||     3
    Use: Potion            |     1 |       |     5 ||     6
         Scroll            |     9 |     5 |     7 ||    21
   Stab: Paralysed         |       |       |     6 ||     6
         Sleeping          |       |       |     1 ||     1
 Armour: Skin              |     3 |     2 |     7 ||    12
         Robe              |     8 |     5 |    27 ||    40
  Dodge: Dodged            |    69 |    54 |   189 ||   312
